Map: Ulrena

Players

zidar

  • Race: Zerg Zerg
  • League: Silver
  • Spawn Location: 11:00

Andrey - Winner!

  • Race: Protoss Protoss
  • Spawn Location: 7:00

VOD

Have the link to the VOD?

Description

Time

  • Played on: Nov. 27, 2015, 11:54 a.m.
  • Length: 12:41
Show
View Real Time Build Order
Export as new Build Order

zidar Zerg 

Build Orders: Pool First 

Get SALT Encoding   

  12  0:03  Drone  
  13  0:12  Overlord  
  13  0:17  Drone  
  14  0:30  Drone x2  
  16  0:37  Drone  
  17  0:53  Spawning Pool  
  17  1:01  Hatchery  
  17  1:03  Drone  
  17  1:27  Spawning Pool, Drone  
  17  1:28  Drone  
  17  1:30  Drone  
  19  1:39  Overlord  
  19  1:42  Extractor  
  18  2:12  Drone  
  18  2:13  Drone  
  18  2:14  Queen  
  22  2:16  Queen  
  22  2:18  Drone x2  
  26  2:28  Drone x2  
  28  2:53  Zergling x2  
  28  2:54  Zergling x6  
  31  3:13  Metabolic Boost  
  31  3:14  Roach Warren  
  31  3:18  Extractor  
  29  3:21  Drone x6  
  34  3:33  Queen  
  33  3:42  Zergling x6  
  36  3:58  Overlord x2  
  35  4:31  Roach  
  35  4:32  Roach x5  
  45  4:50  Extractor, Drone x3  
  47  5:22  Roach  
  47  5:23  Roach  
  51  5:29  Overlord x2  
  51  5:30  Overlord  
  49  5:56  Lair  
  49  6:21  Queen  
  43  7:30  Roach x9  
  43  7:31  Roach x8  
  75  7:40  Overlord  
  75  7:41  Overlord x5  
  75  7:42  Overlord x2  
  75  7:44  Queen  
  44  8:33  Roach  
  56  8:34  Roach x5  
  47  8:50  Spire  
  46  9:01  Roach  
  46  9:02  Roach  
  50  9:11  Roach  
  50  9:12  Roach x2  
  56  9:26  Hatchery  
  47  10:01  Mutalisk  
  47  10:02  Mutalisk x5  
  57  10:26  Mutalisk x2  
  61  10:38  Roach  
  61  10:39  Roach x2  
  55  11:29  Roach x7  
  44  12:14  Roach  
  44  12:15  Roach x2  
Show
View Real Time Build Order
Export as new Build Order

Andrey Protoss - Winner!

Build Orders:  

Get SALT Encoding   

  12  0:01  Probe (Chrono Boost)  
  13  0:12  Probe (Chrono Boost)  
  14  0:19  Pylon  
  14  0:28  Probe (Chrono Boost)  
  15  0:38  Probe (Chrono Boost)  
  16  0:43  Forge  
  16  0:50  Pylon  
  16  1:00  Probe (Chrono Boost)  
  17  1:10  Probe (Chrono Boost)  
  18  1:19  Gateway  
  18  1:25  Assimilator  
  18  1:32  Photon Cannon  
  18  2:01  Pylon  
  18  2:08  Pylon  
  18  2:13  Nexus  
  18  2:16  Zealot  
  18  2:21  Photon Cannon  
  20  2:33  Photon Cannon  
  20  2:54  Photon Cannon  
  20  3:09  Zealot  
  22  3:13  Cybernetics Core  
  22  3:18  Probe (Chrono Boost)  
  23  3:58  Probe (Chrono Boost)  
  24  4:04  Probe (Chrono Boost)  
  24  4:09  Probe (Chrono Boost)  
  24  4:15  Probe (Chrono Boost)  
  25  4:19  Probe (Chrono Boost)  
  24  4:32  Photon Cannon  
  24  4:37  Pylon  
  24  4:42  Probe (Chrono Boost)  
  24  4:43  Probe (Chrono Boost)  
  26  4:51  Assimilator  
  26  4:53  Probe x2 (Chrono Boost)  
  28  5:03  Probe (Chrono Boost)  
  28  5:04  Probe (Chrono Boost)  
  30  5:10  Photon Cannon  
  31  5:14  Probe (Chrono Boost)  
  31  5:20  Gateway x2  
  31  5:28  Gateway  
  31  5:34  Pylon  
  31  5:40  Stalker  
  33  5:44  Probe x2 (Chrono Boost)  
  35  5:53  Assimilator  
  35  5:55  Probe x2 (Chrono Boost)  
  35  5:56  Assimilator  
  37  6:05  Nexus  
  37  6:06  Photon Cannon  
  37  6:09  Photon Cannon  
  37  6:10  Stalker  
  39  6:16  Stalker x2  
  39  6:17  Stalker  
  45  6:46  Stalker x2  
  45  7:20  Stalker  
  45  7:21  Stalker x2  
  51  7:38  Stalker  
  51  8:23  Pylon  
  51  8:25  Pylon  
  51  8:46  Stalker x3  
  51  8:47  Stalker  
  51  9:15  Gateway  
  51  9:16  Stalker x3  
  57  9:18  Gateway  
  57  9:25  Pylon  
  57  9:57  Photon Cannon  
  57  10:02  Photon Cannon x2  
  57  10:06  Stalker  
  57  10:07  Stalker x4  
  67  10:49  Probe (Chrono Boost)  
  69  10:50  Probe (Chrono Boost)  
  69  10:54  Probe (Chrono Boost)  
  66  11:00  Probe x2 (Chrono Boost)  
  55  11:04  Probe (Chrono Boost)  
  55  11:09  Nexus  
  54  11:15  Probe (Chrono Boost)  
  54  11:16  Photon Cannon  
  54  11:17  Photon Cannon  
  54  11:18  Photon Cannon  
  54  11:20  Photon Cannon  
  54  11:23  Photon Cannon, Pylon  
  45  11:25  Probe (Chrono Boost)  
  41  11:36  Probe (Chrono Boost)  
  38  11:58  Stalker  
  38  11:59  Stalker x5  
  50  12:11  Pylon  
  50  12:14  Probe (Chrono Boost)  
  51  12:24  Probe (Chrono Boost)  
Tags
 
League
Silver
Matchup
PvZ
Opening
Pool First
Spawn Locations
Close Positions
Add a new tag
Caveats
  • Supply blocks, unpowered buildings, or Contaminate may cause inaccurate times.
  • Supply counts are checked every 10 seconds.